AoeStats
← BobbySausage

Four Lakes

510274483Analyzed
1v1 RM · 2d ago on Sep 30, 2026· 55m 14s· 2 players
Game mode
Random Map
Map size
Tiny (2 player)
Population
200
Speed
Normal
Resources
Standard
Victory
Conquest
Starting age
Dark Age
Ending age
Imperial Age
RankedLock teamsTeams togetherTeam positionsShared explorationLock speedFull tech treeHidden civsTurbo modeCheats
Victory
Defeat
🇨🇦 Spanish · Canada
1256
+17
🇬🇧 Malay · United Kingdom
1270
-17
Carple
6:49 Loom
10:20 Feudal Age
15:55 Castle Age
14:37 Double-Bit Axe
17:49 Horse Collar
19:35 Padded Archer Armor
21:09 Husbandry
25:21 Bloodlines
25:43 Squires
27:05 Scale Barding Armor
31:09 Wheelbarrow
30:23 Town Watch
30:59 Bow Saw
31:10 Forging
32:20 Chain Barding Armor
32:25 Heavy Plow
32:55 Pikeman
35:07 Leather Archer Armor
39:22 Imperial Age
39:14 Hand Cart
39:52 Gold Mining
39:53 Stone Mining
39:43 Cavalier
41:46 Plate Barding Armor
41:47 Iron Casting
41:44 Ring Archer Armor
41:43 Conscription
42:42 Fletching
42:57 Town Patrol
44:04 Elite Conquistador
46:16 Blast Furnace
47:50 Chemistry
49:26 Paladin
51:08 Bodkin Arrow
54:06 Bracer
54:48 Ballistics
BobbySausage
6:55 Loom
9:00 Feudal Age
9:25 Man-at-Arms
10:12 Town Watch
11:04 Arson
14:11 Fishing Lines
14:26 Double-Bit Axe
19:51 Castle Age
18:55 Fletching
19:05 Padded Archer Armor
20:07 Bodkin Arrow
22:43 Wheelbarrow
22:57 Crossbowman
24:05 Town Patrol
25:04 Gillnets
27:02 Ballistics
30:02 Thumb Ring
32:34 Bow Saw
35:07 Imperial Age
34:04 Arbalester
35:01 Bracer
37:23 Chemistry
41:22 Gold Mining
43:45 Leather Archer Armor
45:03 Ring Archer Armor
51:04 Conscription
52:17 Forging
51:51 Pikeman
52:31 Squires
53:00 Halberdier
Connection lost

Rejoining the realm…

Still unreachable

The connection could not be restored.

Session expired

The server has moved on; the page needs a fresh start.